cohdb
Replays
Latest Replays
All Replays
Popular Replays
Top Player Replays
Match Explorer
How It Works
Community
CoH3 Stats
Reddit
Sign in to upload your games and track your stats! →
Sign in with Steam
Match 40509312
Unlisted
Match 40509312
Overview
Messages
Build Orders
End
Scout Squad
Construct Weapon Support Center
Selects Heavy Weapons
M1919 Machine Gun Team
M1919 Machine Gun Team
Bazooka Squad
Construct Medical Station
Selects M2HB .50cal Heavy Machine Gun
Engineer Squad
Bazooka Squad
Mechanized Support Center
M3 Armored Personnel Carrier
Selects Assault Carriers
Construct Motor Pool
Selects Exchangeable Parts
Selects Exchangeable Parts
Sniper
M24 Chaffee Light Tank
Improved M9 Bazooka Rockets
Engineer Squad
Engineer Squad
Sniper
N7 SHARK
Turtleboy
0
0
Comments
sign in to comment!
No comments posted yet!